 Dungeon Crawl Stone Soup version 0.18-a0-5-gf1fb587 (webtiles) character file.

66 Raultor the Changer (level 4, 0/42 HPs)
             Began as an Octopode Transmuter on Oct 31, 2015.
             Succumbed to an adder's poison
             ... on level 3 of the Dungeon.
             The game lasted 00:05:35 (1895 turns).

Raultor the Changer (Octopode Transmuter)           Turns: 1895, Time: 00:05:35

Health: 0/42       AC: 22    Str:  7 (9)  XL:     4   Next: 15%
Magic:  7/7        EV:  2    Int: 16      God:
Gold:   179        SH:  0    Dex: 12      Spells: 3 memorised, 1 level left

rFire  . . .     SeeInvis .     o - +2 dagger (venom)
rCold  . . .     Clarity  .     (no shield)
rNeg   + + +     SustAt   .     (helmet currently unavailable)
rPois  +         Gourm    .     (no amulet)
rElec  .         Spirit   .     (no ring)
rCorr  .         Warding  .     (no ring)
rMut   .         NoTele   +     (no ring)
MR     .....                    (no ring)
Stlth  +.........               (no ring)
                                (no ring)
                                (no ring)
                                (no ring)

@: lethally poisoned (0 -> -4), tree-form, not resistant to hostile
enchantments, very unstealthy
A: almost no armour, amphibious, 8 rings, (constrict 8), (camouflage 0),
(gelatinous body 0)
a: no special abilities


You were on level 3 of the Dungeon.
You were not hungry.
You were a tree.
You visited 1 branch of the dungeon, and saw 3 of its levels.

You collected 179 gold pieces.

Inventory:

Hand Weapons
 j - a +2 dagger of holy wrath
 o - a +2 dagger of venom (weapon)
Missiles
 a - 33 arrows
 g - 7 javelins (quivered)
 p - 16 arrows of frost
Scrolls
 e - 2 scrolls of remove curse {unknown}
 f - 2 scrolls of magic mapping {unknown}
 i - a scroll of enchant armour {unknown}
 l - a scroll of teleportation {unknown}
 m - a scroll of recharging {unknown}
Potions
 k - a potion of lignification
Books
 b - a book of Changes

   Spells                             Type                      Level
   a - Beastly Appendage              Transmutation                1
   b - Sticks to Snakes               Transmutation                2
   c - Spider Form                    Transmutation/Poison         3
   d - Ice Form                       Ice/Transmutation            4
   e - Blade Hands                    Transmutation                5
Comestibles
 c - 4 bread rations
 h - 6 chunks of flesh
 q - a slice of pizza


   Skills:
 - Level 1.0 Fighting
 - Level 2.0 Dodging
 - Level 3.0 Unarmed Combat
 - Level 2.0 Spellcasting
 + Level 4.3 Transmutations


You had one spell level left.
You knew the following spells:

 Your Spells              Type           Power        Failure   Level  Hunger
a - Beastly Appendage     Trmt           ###...       4%          1    #......
b - Sticks to Snakes      Trmt           ###.......   8%          2    ###....
c - Spider Form           Trmt/Pois      #.........   28%         3    ###....


Dungeon Overview and Level Annotations

Branches:
Dungeon (3/15)

Altars:
Ashenzari
Sif Muna


Innate Abilities, Weirdness & Mutations

You cannot wear most types of armour.
You are amphibious.
You can wear up to eight rings at the same time.
((You can use your tentacles to constrict eight enemies at once.))
((Your skin changes colour to match your surroundings (Stealth).))
((Your rubbery body absorbs attacks (AC +1).))


Message History

The adder is almost dead.
You kill the adder!
You have reached level 4!
Drink which item? (? for menu, Esc to quit)
It was a potion of degeneration.
There was something very wrong with that liquid.
You feel weakened.
* * * LOW HITPOINT WARNING * * *
You feel sick.
Drink which item? (? for menu, Esc to quit)
It was a potion of cure mutation.
It has a very clean taste.
* * * LOW HITPOINT WARNING * * *
You feel sick.
Read which item? (? for menu, Esc to quit)
Okay, then.
* * * LOW HITPOINT WARNING * * *
You feel sick.
* * * LOW HITPOINT WARNING * * *
You feel sick.
You die...

......#...#..#
.._...+...+.##
......#...#.#
......#.##.#
......#....###
#+##. #......#
####?####.#
#.......#.##
#...♣.......
#.##....#.##
... .........
....
.....##.## #..
....... .#
###.#....### #
#.###.## # #.#


There were no monsters in sight!

Vanquished Creatures
  3 adders
  A worm (D:2)
  An orc (D:2)
  3 hobgoblins
  6 jackals
  4 bats
  3 giant cockroaches
  3 giant newts
  3 goblins
  3 kobolds
  6 rats
  A plant (D:2)
37 creatures vanquished.

Vanquished Creatures (collateral kills)
  A jackal (D:2)
1 creature vanquished.

Grand Total: 38 creatures vanquished

Notes
Turn   | Place    | Note
--------------------------------------------------------------
     0 | D:1      | Raultor the Octopode Transmuter began the quest for the Orb.
     0 | D:1      | Reached XP level 1. HP: 13/13 MP: 3/3
   388 | D:1      | Reached XP level 2. HP: 16/18 MP: 3/5
   392 | D:1      | Learned a level 2 spell: Sticks to Snakes
   643 | D:2      | Reached XP level 3. HP: 19/23 MP: 6/6
   648 | D:2      | Learned a level 3 spell: Spider Form
   656 | D:2      | Found a deep blue altar of Sif Muna.
  1490 | D:2      | Reached skill level 4 in Transmutations
  1859 | D:3      | Found a shattered altar of Ashenzari.
  1888 | D:3      | Reached XP level 4. HP: 4/28 MP: 7/7
  1891 | D:3      | HP: 2/42 [poisoned by an adder]
  1895 | D:3      | Succumbed to an adder's poison

Vault maps used:
D:1:      dpeg_arrival_water_temple_mockup, corexii_item_surrounded_by_moat
D:2:      nicolae_overflow_crystal_walls, serial_forest,
          infiniplex_forest_lined_1, infiniplex_forest_clump_curved,
          infiniplex_forest_straight_5, infiniplex_forest_lined_3,
          infiniplex_forest_end_1, infiniplex_forest_straight_3,
          infiniplex_forest_clump_small, infiniplex_forest_clump_curved,
          infiniplex_forest_clump_large, first_bread
D:3:      minmay_goblin_kobold_castle, evilmike_ruin_ashenzari

Action                   |  1- 3 |  4- 6 || total
-------------------------+-------+-------++-------
Melee: Unarmed           |    33 |       ||    33
       Dagger            |    64 |       ||    64
Throw: Javelin           |     1 |       ||     1
 Cast: Beastly Appendage |     3 |       ||     3
       Sticks to Snakes  |     2 |       ||     2
  Use: Potion            |     1 |     2 ||     3
 Stab: Sleeping          |     3 |       ||     3
  Eat: Chunk             |     2 |       ||     2
       Bread ration      |     1 |       ||     1
